 Dungeon Crawl Stone Soup version 0.30-a0-134-gb40fab5c76 (webtiles) character file.

Game seed: 17214619044449401832

60 scionoferis the Chopper (level 4, -4/60 HPs)
             Began as a Meteoran Berserker on Sept 19, 2022.
             Was a Believer of Trog.
             Slain by Grinder (7 damage)
             ... while paralysed by Grinder
             ... on level 3 of the Dungeon.
             The game lasted 00:07:34 (1090 turns).

scionoferis the Chopper (Meteoran Berserker)        Turns: 1090, Time: 00:07:34

Health: -4/60      AC: 22    Str: 26    XL:     4   Next: 48%
Magic:  5/5        EV:  2    Int:  8    God:    Trog [**....]
Gold:   54         SH:  0    Dex: 14    Spells: 3/3 levels left

rFire   . . .      SeeInvis .    a - +0 hand axe
rCold   . . .      Faith    .    (no shield)
rNeg    . . .      Spirit   .    (body armour currently unavailable)
rPois   +          Reflect  .    (helmet currently unavailable)
rElec   .          Harm     .    (cloak currently unavailable)
rCorr   .          Rampage  .    (gloves currently unavailable)
Will    .....      NoTele   +    (boots currently unavailable)
Stlth   +.........               (no amulet)
HPRegen 0.20/turn                e - +6 ring of strength
MPRegen 0.09/turn                (no ring)

@: paralysed, tree-form, on berserk cooldown, slowed, glowing
A: stationary, stasis, torment immunity, boosted hp, sense surroundings 1,
otherworldly, glowing, explore regen
a: Renounce Religion, Berserk, Trog's Hand


You were on level 3 of the Dungeon.
You worshipped Trog.
Trog was pleased with you.
You were a tree.
You visited 1 branch of the dungeon, and saw 3 of its levels.

You collected 78 gold pieces.
You spent 24 gold pieces at shops.

Inventory:

Hand Weapons
 a - a +0 hand axe (weapon)
 c - a +0 whip
Missiles
 d - 4 poisoned darts (quivered)
 m - 2 boomerangs
Armour
 b - a +0 animal skin (melded)
Jewellery
 e - a +6 ring of strength (left branch)
Wands
 n - a wand of roots (2)
 p - a wand of quicksilver (6)
Scrolls
 f - a scroll of amnesia {unknown}
 g - 2 scrolls of fear {unknown}
 h - 2 scrolls of identify {unknown}
 j - a scroll of noise {unknown}
 k - a scroll of teleportation {unknown}
 o - a scroll of enchant armour {unknown}
 q - a scroll of enchant weapon {unknown}
Potions
 i - a potion of lignification
 l - a potion of might {unknown}


   Skills:
 + Level 4.0 Fighting
 * Level 5.2 Axes
 - Level 2.4 Armour
 - Level 2.4 Dodging


You had 3 spell levels left.
You didn't know any spells.
Your spell library was empty.

Dungeon Overview and Level Annotations

Branches:
Dungeon (3/15) Zot: 685

Altars:
Sif Muna

Shops:
D:1 ??*

Annotations:
D:3 Grinder


Innate Abilities, Weirdness & Mutations

You are a tree.
Your roots penetrate the ground, keeping you stationary.
You cannot be teleported.
You are immune to unholy pain and torment.
Your maximum health is greatly increased.
Your equipment is partially melded.
You passively map a small area around you.
You are easily found by Zot.
You glow in the dark.
You regain HP and MP as you explore.


Message History

You hear a shout!
Grinder hits you but does no damage. The goblin hits you but does no damage.
A goblin comes into view. It is wielding a +0 club.
You closely miss Grinder.
Grinder is moderately wounded.
You closely miss the goblin.
You feel the effects of Trog's Hand fading.
Grinder hits you but does no damage. The goblin hits you but does no damage.
Grinder hits you but does no damage. The goblin hits you but does no damage.
You hit Grinder.
Grinder is moderately wounded.
You closely miss the goblin. You barely miss the goblin. Grinder hits you.
* * * LOW HITPOINT WARNING * * *
The goblin hits you but does no damage. x2
Unknown command.
You slash Grinder!
Grinder is heavily wounded.
You closely miss the goblin. x2; Grinder hits you but does no damage.
The goblin hits you but does no damage. x3
Grinder hits you but does no damage. The goblin hits you but does no damage.
You barely miss Grinder.
Grinder is heavily wounded.
You barely miss the goblin. You closely miss the goblin.
Your skin stops crawling.
You feel less strong-willed.
Grinder says, "There's only one good use for a tongue: cutting it out."
Grinder hits you.
* * * LOW HITPOINT WARNING * * *
You writhe in agony.
* * * LOW HITPOINT WARNING * * *
A goblin comes into view. It is wielding a +0 club.
A goblin comes into view. It is wielding a +0 dagger.
The goblin hits you but does no damage. The goblin hits you with a +0 club.
* * * LOW HITPOINT WARNING * * *
The goblin barely misses you. Grinder gestures at you.
You suddenly lose the ability to move!
The goblin hits you but does no damage.
The goblin shouts!
You hear a shout!
Grinder hits you but does no damage.
The goblin hits you but does no damage. x2
Grinder hits you!
You die...

* ####... #...... *
##.....# ##...... .
.......# ####....... ,..
* #....###.......... *
..### #........#...... ,
* , ...###..###)........
* ##.
#.#..[..###..##....
#.g..#g..###.#.....#.##.
.....gg♣.# #...#........
..../.5†..............##
*
....................###
......#..............#
.....##..........##...##
,.....
#.#.....$<......## ....,
.................. ....
...##.....#..#.... , ,
.....##......


You could see Grinder and 4 goblins.

Vanquished Creatures
  2 adders (D:2)
  A worm (D:2)
  2 endoplasms
  A giant cockroach (D:3)
  4 goblins
  4 hobgoblins
  3 jackals (D:2)
  A quokka (D:3)
  3 ball pythons
  7 bats
  2 frilled lizards (D:2)
  3 kobolds
  3 rats
36 creatures vanquished.

Notes
Turn   | Place    | Note
-------+----------+-------------------------------------------
     0 | D:1      | scionoferis the Meteoran Berserker began the quest for the
                  | Orb.
     0 | D:1      | Reached XP level 1. HP: 19/19 MP: 2/2
    75 | D:1      | Found Tunapun's Magic Scroll Shop.
    79 | D:1      | Reached skill level 4 in Axes
    79 | D:1      | Reached XP level 2. HP: 18/26 MP: 3/3
    86 | D:1      | Found Qotrifygg's Magic Scroll Emporium.
   312 | D:1      | Found Matothram's Assorted Antiques.
   332 | D:1      | Bought a scroll labelled UVET FOT VAONT for 24 gold pieces
   557 | D:2      | Reached XP level 3. HP: 20/31 MP: 4/4
   558 | D:2      | Found a shimmering blue altar of Sif Muna.
   571 | D:2      | Found a faded altar of an unknown god.
   838 | D:2      | Reached skill level 5 in Axes
   838 | D:2      | Reached XP level 4. HP: 39/40 MP: 5/5
   946 | D:3      | Reached ** piety under Trog
  1069 | D:3      | Noticed Grinder
  1081 | D:3      | HP: 2/40 [Grinder (2)]
  1088 | D:3      | HP: 2/60 [goblin/+0 club[Robin] (3)]
  1088 | D:3      | Paralysed by Grinder for 5 turns
  1090 | D:3      | Slain by Grinder

Illustrated notes

Levels and vault maps discovered:
D:1:      kennysheep_arrival_forest, layout_rooms, serial_shops,
          nicolae_square_shop, nicolae_diamond_shop, shop_statue
D:2:      minmay_door_path, layout_basic, basic_altar,
          nicolae_ecumenical_oubliette
D:3:      layout_rooms, uniq_grinder, uniq_robin

Skill      XL: |  1  2  3  4 |
---------------+-------------+-----
Axes           | 4 5 |  5.2
Fighting       | 4 |  4.0
Armour         | |  2.4
Dodging        | |  2.4

Action                   |  1- 3 |  4- 6 || total
-------------------------+-------+-------++-------
Melee: Hand axe          |    85 |    33 ||   118
       Punch             |     1 |       ||     1
Invok: Berserk           |       |     1 ||     1
       Trog's Hand       |       |     1 ||     1
  Use: Potion            |     1 |     1 ||     2
Armor: Animal skin       |    19 |     9 ||    28
       Skin              |       |    19 ||    19
Dodge: Dodged            |    48 |    15 ||    63

Table legend: (Time is in decaauts)
 A = Elapsed time spent in this place.
 B = Non-inter-level travel time spent in this place.
 C = Inter-level travel time spent in this place.
 D = Time resting spent in this place.
 E = Time spent auto-exploring this place.
 F = Levels seen in this place.
 G = Mean time per level.
                   A        B        C        D        E       F      G
               +--------+--------+--------+--------+--------+-----+--------+
         Total |   1113 |   1096 |     17 |      0 |      0 |   3 |  371.0 |
       Dungeon |   1113 |   1096 |     17 |      0 |      0 |   3 |  371.0 |
               +--------+--------+--------+--------+--------+-----+--------+

Top non-repeatable levels by time:
     D:2: 594 daAuts
     D:1: 355 daAuts
     D:3: 163 daAuts
